 Dungeon Crawl Stone Soup version 0.22.1-1-ga44c0e5 (webtiles) character file.

70 whitewolfNL the Slasher (level 4, -3/40 HPs)
             Began as a Hill Orc Fighter on Oct 1, 2018.
             Killed from afar by an orc wizard (6 damage)
             ... with a puff of flame
             ... on level 3 of the Dungeon.
             The game lasted 00:14:45 (3193 turns).

whitewolfNL the Slasher (Hill Orc Fighter)          Turns: 3193, Time: 00:14:45

Health: -3/40      AC: 12    Str: 24    XL:     4   Next: 21%
Magic:  4/4        EV:  7    Int:  8    God:
Gold:   68         SH:  9    Dex: 10    Spells: 3/3 levels left

rFire    . . .     SeeInvis .   a - +0 long sword
rCold    . . .     Gourm    .   c - +0 shield
rNeg     . . .     Faith    .   h - +0 scale mail
rPois    +         Spirit   .   m - +1 hat
rElec    .         Reflect  .   (no cloak)
rCorr    .         Harm     .   (no gloves)
MR       .....                  (no boots)
Stlth    ..........             (no amulet)
HPRegen  0.13/turn              o - +5 ring of protection
MPRegen  0.09/turn              r - ring of poison resistance

@: mighty
A: no striking features
a: no special abilities


You were on level 3 of the Dungeon.
You were not hungry.

You visited 1 branch of the dungeon, and saw 3 of its levels.

You collected 68 gold pieces.

Inventory:

Hand Weapons
 a - a +0 long sword (weapon)
 t - a +0 falchion
Missiles
 g - 24 sling bullets
 i - 20 bolts
 k - 44 stones (quivered)
Armour
 c - a +0 shield (worn)
 h - a +0 scale mail (worn)
 m - a +1 hat (worn)
Jewellery
 o - a +5 ring of protection (left hand)
 r - a ring of poison resistance (right hand)
Wands
 u - a wand of paralysis (8)
Scrolls
 e - a scroll of remove curse
 j - a scroll of immolation {unknown}
 l - 2 scrolls of identify
Potions
 n - 3 potions of resistance
 q - a potion of lignification {unknown}
 s - a potion of curing {unknown}
 v - a potion of haste {unknown}
Comestibles
 b - a chunk of flesh
 f - 3 rations


   Skills:
 - Level 3.7 Fighting
 * Level 4.3 Long Blades
 - Level 3.3 Armour
 * Level 0.8 Stealth
 - Level 3.3 Shields


You had 3 spell levels left.
You didn't know any spells.
Your spell library was empty.

Dungeon Overview and Level Annotations

Branches:
Dungeon (3/15)

Altars:


Message History

You barely miss the hound. The hound bites you but does no damage.
Something hits you but does no damage. The hound bites you but does no damage.
Your shield and scale mail prevent you from hitting the hound.
Something hits you but does no damage. You block the hound's attack.
Something hits you.
* * * LOW HITPOINT WARNING * * *
The hound bites you but does no damage.
Your shield and scale mail prevent you from hitting the hound.
An orc wizard appears from thin air!
Reactivating autopickup.
The hound bites you but does no damage.
The orc wizard points at you and mumbles some strange words.
The magic dart hits you!
* * * LOW HITPOINT WARNING * * *
The hound bites you but does no damage.
You feel very mighty all of a sudden. You block the hound's attack.
The orc wizard gestures at you while chanting.
The puff of flame hits you!
You die...

###.# #.. ..#.# #.#
#####....#
####'######.......#
#.................#
#.................#
#.................#
#........##^......# .
#...)o@...........#
...
#....h........#####
.....###.....###.....#
.............# #.....#
#.###.##########.....#
# ......##.##### #
#....##.# #.##....##.#
##.......##.#######


You could see a hound and an orc wizard.

Vanquished Creatures
  2 adders
  An ooze (D:2)
  2 dart slugs (D:1)
  2 leopard geckos
  2 orcs (D:3)
  A giant cockroach (D:1)
  4 goblins
  7 hobgoblins
  7 kobolds
  A quokka (D:2)
  2 ball pythons (D:1)
  2 bats
  A frilled lizard (D:2)
  5 rats
39 creatures vanquished.

Notes
Turn   | Place    | Note
-------+----------+-------------------------------------------
     0 | D:1      | whitewolfNL the Hill Orc Fighter began the quest for the
                  | Orb.
     0 | D:1      | Reached XP level 1. HP: 19/19 MP: 1/1
   344 | D:1      | Reached XP level 2. HP: 27/27 MP: 2/2
   374 | D:1      | Reached skill level 3 in Long Blades
  1350 | D:1      | Reached XP level 3. HP: 31/33 MP: 3/3
  2725 | D:2      | Reached skill level 4 in Long Blades
  3098 | D:3      | Reached XP level 4. HP: 40/40 MP: 4/4
  3193 | D:3      | Killed from afar by an orc wizard

Skill      XL: |  1  2  3 |
---------------+----------+-----
Long Blades    | 3 4 |  4.3
Fighting       | |  3.7
Armour         | |  3.3
Stealth        | |  0.8
Shields        | |  3.3

Action                   |  1- 3 |  4- 6 || total
-------------------------+-------+-------++-------
Melee: Long sword        |   131 |    22 ||   153
  Use: Scroll            |       |     2 ||     2
       Potion            |       |     1 ||     1
  Eat: Chunk             |     3 |     1 ||     4
       Ration            |     1 |       ||     1
Armor: Scale mail        |    66 |    30 ||    96
Dodge: Dodged            |    35 |    12 ||    47
Block: Shield            |    71 |    11 ||    82
       Rpst.: Long sword |     8 |     1 ||     9
